 Dungeon Crawl Stone Soup version 0.23.2-1-ga50397a6bc (webtiles) character file.

Game seed: 5182119160967525073

63 PgLoLo the Caller (level 4, 0/32 HPs)
             Began as a Gnoll Summoner on Apr 17, 2019.
             Slain by a sky beast (4 damage)
             ... on level 2 of the Dungeon.
             The game lasted 00:05:44 (1829 turns).

PgLoLo the Caller (Gnoll Summoner)                  Turns: 1829, Time: 00:05:44

Health: 0/32       AC:  2    Str: 10    XL:     4   Next: 10%
Magic:  0/11       EV: 15    Int: 19    God:
Gold:   85         SH:  0    Dex: 15    Spells: 7/13 levels left

rFire    . . .     SeeInvis .   i - +0 whip
rCold    . . .     Gourm    .   (no shield)
rNeg     . . .     Faith    .   a - +0 robe
rPois    .         Spirit   +   (no helmet)
rElec    .         Reflect  .   h - scarf {Spirit}
rCorr    .         Harm     .   (no gloves)
MR       .....                  (no boots)
Stlth    +++.......             (no amulet)
HPRegen  0.10/turn              (no ring)
MPRegen  0.12/turn              (no ring)

@: no status effects
A: distributed training, fangs 1, strong nose
a: no special abilities


You were on level 2 of the Dungeon.
You were not hungry.

You visited 1 branch of the dungeon, and saw 2 of its levels.

You collected 85 gold pieces.

Inventory:

Hand Weapons
 i - a +0 whip (weapon)
 p - a +0 short sword
Armour
 a - a +0 robe (worn)
 h - a scarf of spirit shield (worn)
Jewellery
 j - an uncursed ring of wizardry {unknown}
Scrolls
 g - a scroll of fear {unknown}
 k - a scroll of noise {unknown}
 l - 2 scrolls of fog {unknown}
Potions
 b - a potion of degeneration {unknown}
 d - a potion of might {unknown}
 e - a potion of magic {unknown}
 f - a potion of cancellation {unknown}
 n - a potion of haste {unknown}
 o - a potion of curing {unknown}
Comestibles
 c - 3 rations
 m - a chunk of flesh


   Skills:
 + Level 1.0 Fighting
 + Level 1.0 Short Blades
 + Level 1.0 Long Blades
 + Level 1.0 Axes
 + Level 1.0 Maces & Flails
 + Level 1.0 Polearms
 + Level 1.0 Staves
 + Level 1.0 Slings
 + Level 1.0 Bows
 + Level 1.0 Crossbows
 + Level 1.0 Throwing
 + Level 1.0 Armour
 + Level 4.6 Dodging
 + Level 4.2 Stealth
 + Level 1.0 Shields
 + Level 1.0 Unarmed Combat
 + Level 5.0 Spellcasting
 + Level 0.7 Conjurations
 + Level 0.7 Hexes
 + Level 0.7 Charms
 + Level 7.1 Summonings
 + Level 0.7 Necromancy
 + Level 0.7 Translocations
 + Level 0.7 Transmutations
 + Level 0.7 Fire Magic
 + Level 0.7 Ice Magic
 + Level 0.7 Air Magic
 + Level 0.7 Earth Magic
 + Level 0.7 Poison Magic
 + Level 1.1 Invocations
 + Level 1.0 Evocations


You had 7 spell levels left.
You knew the following spells:

 Your Spells              Type           Power        Failure   Level  Hunger
a - Call Imp              Summ           ####....     1%          2    #......
b - Summon Small Mammal   Summ           ####         1%          1    None
c - Summon Guardian Gole  Hex/Summ       ###.....     8%          3    ##.....

Your spell library contained the following spells:

 Spells                   Type           Power        Failure   Level  Hunger
 Call Canine Familiar     Summ           ####....     1%          3    ##.....
 Summon Ice Beast         Ice/Summ       ###.....     24%         4    ####...
 Summon Lightning Spire   Summ/Air       ###.....     24%         4    ####...


Dungeon Overview and Level Annotations

Branches:
Dungeon (2/15)

Altars:


Innate Abilities, Weirdness & Mutations

Your experience applies equally to all skills.
You have very sharp teeth.
Your uncanny sense of smell can sniff out nearby items.


Message History

You hit something but do no damage. You bite something. Something hits you.
Something shocks you.
You hit something but do no damage. Your bite misses something.
Something hits you but does no damage.
You hit something but do no damage.
A sky beast appears from thin air!
Reactivating autopickup.
The sky beast barely misses you.
Your crimson imp blinks!
You closely miss the sky beast. The sky beast hits you.
The sky beast shocks you.
Your crimson imp hits the sky beast but does no damage.
You hit the sky beast but do no damage.
The sky beast flickers out of sight!
Deactivating autopickup; reactivate with Ctrl-A.
Something hits you.
* * * LOW HITPOINT WARNING * * *
Something shocks you.
* * * LOW HITPOINT WARNING * * *
Your crimson imp hits something.
You start resting.
Something hits you.
You die...

.## # ..## # ...# # # #..#.# #
∆#..#. # ### .≈. # ..# ##5## #
#.### #5†.# #### ...(# #.@.#
##... #.#.# #...# ##..##
#.#.######## #...##### #...#
...........# #...#...# ##.##
##.#...###.####...#.#.### #.#
##...#.##...........#...#####.###
..##.#............#####.....#.#..
#.##.#..#...........#....##.#.#.#
#.##.(.....####...#.#..#.##.#.#.#


You could see 2 friendly crimson imps.

Vanquished Creatures
  An adder (D:2)
  2 oozes
  A dart slug (D:2)
  A leopard gecko (D:1)
  3 giant cockroaches (D:2)
  A jackal (D:1)
  A quokka (D:2)
  5 bats
  2 frilled lizards
  2 rats
19 creatures vanquished.

Vanquished Creatures (collateral kills)
  4 adders (D:2)
  2 dart slugs (D:2)
  A bat (D:2)
  A goblin (D:1)
  A hobgoblin (D:1)
  2 jackals (D:1)
  A kobold (D:1)
12 creatures vanquished.

Grand Total: 31 creatures vanquished

Notes
Turn   | Place    | Note
-------+----------+-------------------------------------------
     0 | D:1      | PgLoLo the Gnoll Summoner began the quest for the Orb.
     0 | D:1      | Reached XP level 1. HP: 13/13 MP: 6/6
   548 | D:2      | Reached XP level 2. HP: 20/20 MP: 5/7
   866 | D:1      | Reached XP level 3. HP: 25/25 MP: 5/9
   870 | D:1      | Learned a level 2 spell: Call Imp
   874 | D:1      | Learned a level 3 spell: Summon Guardian Golem
   999 | D:1      | Reached skill level 5 in Spellcasting
  1331 | D:2      | Reached skill level 1 in Invocations
  1677 | D:2      | Reached skill level 1 in Fighting
  1677 | D:2      | Reached skill level 1 in Short Blades
  1677 | D:2      | Reached skill level 1 in Long Blades
  1677 | D:2      | Reached skill level 1 in Axes
  1677 | D:2      | Reached skill level 1 in Maces & Flails
  1677 | D:2      | Reached skill level 1 in Polearms
  1677 | D:2      | Reached skill level 1 in Staves
  1677 | D:2      | Reached skill level 1 in Slings
  1677 | D:2      | Reached skill level 1 in Bows
  1677 | D:2      | Reached skill level 1 in Crossbows
  1677 | D:2      | Reached skill level 1 in Throwing
  1677 | D:2      | Reached skill level 1 in Armour
  1677 | D:2      | Reached skill level 1 in Shields
  1677 | D:2      | Reached skill level 1 in Unarmed Combat
  1677 | D:2      | Reached skill level 1 in Evocations
  1803 | D:2      | Noticed a sky beast
  1817 | D:2      | Reached XP level 4. HP: 27/32 MP: 1/11
  1829 | D:2      | Slain by a sky beast

Skill      XL: |  1  2  3 |
---------------+----------+-----
Spellcasting   | 5 |  5.0
Invocations    | 1 |  1.1
Fighting       | 1 |  1.0
Short Blades   | 1 |  1.0
Long Blades    | 1 |  1.0
Axes           | 1 |  1.0
Maces & Flails | 1 |  1.0
Polearms       | 1 |  1.0
Staves         | 1 |  1.0
Slings         | 1 |  1.0
Bows           | 1 |  1.0
Crossbows      | 1 |  1.0
Throwing       | 1 |  1.0
Armour         | 1 |  1.0
Shields        | 1 |  1.0
Unarmed Combat | 1 |  1.0
Evocations     | 1 |  1.0
Dodging        | |  4.6
Stealth        | |  4.2
Conjurations   | |  0.7
Hexes          | |  0.7
Charms         | |  0.7
Summonings     | |  7.1
Necromancy     | |  0.7
Translocations | |  0.7
Transmutations | |  0.7
Fire Magic     | |  0.7
Ice Magic      | |  0.7
Air Magic      | |  0.7
Earth Magic    | |  0.7
Poison Magic   | |  0.7

Action                   |  1- 3 |  4- 6 || total
-------------------------+-------+-------++-------
Melee: Unarmed           |    49 |       ||    49
       Bite              |     6 |     1 ||     7
       Whip              |    60 |     5 ||    65
 Cast: Summon Small Mamm |    22 |       ||    22
       Call Imp          |     7 |       ||     7
 Stab: Sleeping          |     4 |       ||     4
  Eat: Chunk             |     3 |       ||     3
Armor: Robe              |    38 |     1 ||    39
Dodge: Dodged            |   119 |     2 ||   121
